 Dungeon Crawl Stone Soup version 0.24-a0-279-ga7546fe (webtiles) character file.

Game seed: 15358023735356883696

82058 Anon1729 the Severer (level 15, -5/142 HPs)
             Began as a Naga Gladiator on May 1, 2019.
             Was the Champion of Uskayaw.
             Slain by a manticore (17 damage)
             ... on level 13 of the Dungeon.
             The game lasted 00:58:29 (26516 turns).

Anon1729 the Severer (Naga Gladiator)              Turns: 26516, Time: 00:58:29

Health: -5/142     AC: 15    Str: 18    XL:     15   Next: 72%
Magic:  25/25      EV: 17    Int: 13    God:    Uskayaw [******]
Gold:   2182       SH:  0    Dex: 20    Spells: 14/14 levels left

rFire    . . .     SeeInvis +   d - +8 broad axe (vamp)
rCold    + + .     Gourm    .   (no shield)
rNeg     . . .     Faith    .   E - +3 robe of Crawling {Int+5}
rPois    +         Spirit   .   c - +0 helmet
rElec    .         Reflect  .   (no cloak)
rCorr    .         Harm     .   W - +0 pair of gloves
MR       +....                  (no barding)
Stlth    ++........             o - amulet "Lygg" {+Rage rC++ Dex+2}
HPRegen  0.33/turn              i - +3 ring of slaying
MPRegen  0.19/turn              y - +4 ring of protection

@: very slow
A: large, see invisible, deformed body, poison resistance, slowness 2, slow
metabolism 1, spit poison 1, constrict 1, AC +5
a: Spit Poison, Stomp, Line Pass, Grand Finale, Renounce Religion, Evoke Berserk
Rage


You were on level 13 of the Dungeon.
You worshipped Uskayaw.
Uskayaw was pleased with you.
You were hungry.

You visited 4 branches of the dungeon, and saw 22 of its levels.

You collected 2798 gold pieces.
You spent 616 gold pieces at shops.

Inventory:

Hand Weapons
 d - a +8 vampiric broad axe (weapon)
 r - a +2 spear of venom
 F - a +2 war axe of venom
Missiles
 x - 5 throwing nets (quivered)
Armour
 c - a +0 helmet (worn)
 E - the +3 robe of Crawling (worn) {Int+5}
   (You found it on level 6 of the Dungeon)

   It affects your intelligence (+5).
 W - a +0 pair of gloves (worn)
Jewellery
 h - an uncursed ring of wizardry {unknown}
 i - a +3 ring of slaying (left hand)
 o - the amulet "Lygg" (around neck) {+Rage rC++ Dex+2}
   (You found it on level 6 of the Lair of Beasts)

   [amulet of rage]

   It affects your dexterity (+2).
   It greatly protects you from cold.
   It lets you go berserk.
 y - a +4 ring of protection (right hand)
 Y - an uncursed ring of protection from fire
Wands
 b - a wand of polymorph (4)
 A - a wand of iceblast (12)
 B - a wand of paralysis (17)
 D - a wand of disintegration (16)
 H - a wand of clouds (6)
 I - a wand of flame (72)
 V - a wand of scattershot (8)
Scrolls
 a - 4 scrolls of amnesia {unknown}
 j - 8 scrolls of magic mapping
 k - 4 scrolls of blinking {unknown}
 n - a scroll of fog {unknown}
 s - 2 scrolls of enchant armour
 t - a scroll of brand weapon {unknown}
 u - 2 scrolls of remove curse
 v - a scroll of summoning {unknown}
 J - 10 scrolls of teleportation
 L - 3 scrolls of immolation
 N - 2 scrolls of silence
 O - 8 scrolls of identify
 R - a scroll of vulnerability {unknown}
 S - 2 scrolls of random uselessness {unknown}
 X - a scroll of fear {unknown}
Potions
 e - 7 potions of resistance
 g - 8 potions of brilliance
 l - 5 potions of curing
 m - 4 potions of magic {unknown}
 p - 2 potions of agility
 q - 5 potions of mutation
 w - 3 potions of flight
 z - 3 potions of haste
 C - 2 potions of might {unknown}
 G - 4 potions of lignification
 M - 5 potions of ambrosia
 P - 3 potions of berserk rage
 Q - a potion of cancellation {unknown}
 Z - 2 potions of heal wounds
Miscellaneous
 T - a sack of spiders
Comestibles
 f - 32 rations


   Skills:
 + Level 11.3 Fighting
 * Level 15.5 Axes
 - Level 1.7 Throwing
 + Level 4.2 Armour
 + Level 9.9 Dodging
 * Level 13.6 Invocations
 + Level 9.2 Evocations


You had 14 spell levels left.
You didn't know any spells.
Your spell library contained the following spells:

 Spells                   Type           Power        Failure   Level  Hunger
 Animate Skeleton         Necr           N/A          30%         1    ##.....
 Apportation              Tloc           #.....       30%         1    ##.....
 Confusing Touch          Hex            #.....       30%         1    ##.....
 Magic Dart               Conj           #...         30%         1    ##.....
 Summon Small Mammal      Summ           #...         30%         1    ##.....
 Ensorcelled Hibernation  Hex/Ice        #.....       43%         2    ###....
 Poisonous Vapours        Pois/Air       #.....       43%         2    ###....
 Searing Ray              Conj           #.....       43%         2    ###....
 Confuse                  Hex            #.......     67%         3    ####...
 Conjure Flame            Conj/Fire      #.......     67%         3    ####...
 Dazzling Spray           Conj/Hex       #.....       67%         3    ####...
 Gell's Gravitas          Tloc           #.........   67%         3    ####...
 Mephitic Cloud           Conj/Pois/Air  #.......     67%         3    ####...
 Force Lance              Conj/Tloc      #.......     97%         4    #####..
 Fulminant Prism          Conj/Hex       #.........   97%         4    #####..
 Iskenderun's Mystic Bla  Conj           #.......     97%         4    #####..
 Petrify                  Tmut/Erth      #.......     97%         4    #####..
 Borgnjor's Vile Clutch   Necr/Erth      #.........   100%        5    ######.
 Metabolic Englaciation   Hex/Ice        #.........   100%        5    ######.
 Silence                  Hex/Air        #.........   100%        5    ######.
 Yara's Violent Unravell  Hex/Tmut       #.........   100%        5    ######.
 Darkness                 Hex            #.........   100%        6    #######
 Freezing Cloud           Conj/Ice/Air   #.........   100%        6    #######
 Shadow Creatures         Summ           N/A          100%        6    #######
 Ring of Flames           Chrm/Fire      #.........   100%        7    #######


Dungeon Overview and Level Annotations

Branches:
Dungeon (13/15)            Temple (1/1) D:7            Lair (6/6) D:8
  Swamp (0/4) Lair:2       Spider (0/4) Lair:4        Slime (0/5) Lair:6
    Orc (2/2) D:10            Elf (0/3) Orc:2        Vaults (0/5) D:13

Altars:
Ashenzari
Cheibriados
Elyvilon
Fedhas
Hepliaklqana
Makhleb
Nemelex Xobeh
Sif Muna
Trog
Uskayaw
Wu Jian
The Shining One
Beogh

Shops:
D:9 *   D:10 ([**?   Orc:2 =![(:

Annotations:
D:12 2 runed translucent doors, Calas's ghost, journeyman MiFi
Lair:4 exclusion: 4 oklob plants


Innate Abilities, Weirdness & Mutations

You cannot wear boots.
Your serpentine skin is tough. (AC +5)
You have supernaturally acute eyesight. (SInv)
Armour fits poorly on your strangely shaped body.
Your system is resistant to poisons. (rPois)
You cover ground very slowly.
You have a slow metabolism.
You can spit poison.
You can use your snake-like lower body to constrict enemies.


Message History

You slash the manticore!
The manticore is heavily wounded.
You hit the two-headed ogre.
You feel better.
You hit the killer bee.
You feel better.
You constrict the manticore. The killer bee barely misses you.
The vault guard hits you from afar with a +2 halberd of pain!
* * * LOW HITPOINT WARNING * * *
You writhe in agony.
* * * LOW HITPOINT WARNING * * *
The two-headed ogre hits you but does no damage.
The two-headed ogre hits you with a cursed -1 giant spiked club!!
* * * LOW HITPOINT WARNING * * *
Unknown command.
Okay, then.
Unknown command.
You slash the manticore!
The manticore is almost dead.
You hit the two-headed ogre.
You feel better.
You miss the killer bee. You constrict the manticore.
The killer bee barely misses you. The manticore bites you!
You die...

#########..#
...........#
...........#
..##...#..#
##.....# ##.#..#
### ## ##....#
#... g# ##.....#
.#..W#.##@y.#..#
.......#HOy.#..#
...∩..op....#..#
.......#....# .#
.#...#.##...# .#
#... .# ##.....
### ## ##....
..### ..#


You could see a vault guard, a two-headed ogre, a manticore, an orc warrior and
2 killer bees.

Vanquished Creatures
  2 storm dragons
  A fire giant (D:12)
  A ghost moth (Lair:5)
  An entropy weaver (D:12)
  3 dire elephants (Lair:6)
  Harold (D:11)
  4 hydras
  3 vault guards (D:13)
  2 centaur warriors
  An anaconda (Lair:6)
  A death knight (D:12)
  20 two-headed ogres
  3 ogre magi (Orc:2)
  A tengu warrior (D:12)
  An orc high priest (Orc:2)
  A skeletal warrior (D:12)
  An unseen horror (D:12)
  3 wolf spiders
  An orc sorcerer (Orc:1)
  4 cyclopes
  3 ugly things
  2 manticores (D:12)
  29 elephants
  3 black mambas
  3 gargoyles
  3 spiny frogs
  6 komodo dragons
  A freezing wraith (D:12)
  9 trolls
  6 rime drakes (Lair:6)
  A polar bear (Lair:6)
  2 jumping spiders (Lair:4)
  Grinder (D:3)
  3 bog bodies (Lair:2)
  A slime creature (D:12)
  2 hornets
  5 blink frogs (Lair:6)
  9 hippogriffs
  A redback (Lair:4)
  2 wraiths (D:12)
  A vampire (D:11)
  A shadow (D:13)
  A basilisk (Lair:3)
  40 yaks
  2 steam dragons
  2 hungry ghosts
  A warg (Orc:2)
  3 swamp worms (Lair:2)
  11 water moccasins
  Duvessa (D:7)
  10 porcupines
  5 black bears
  A hornet zombie (D:9)
  5 ice beasts
  16 orc warriors
  3 sky beasts
  A phantom (D:7)
  27 ogres
  A necrophage (D:11)
  9 wolves
  10 centaurs
  9 crocodiles
  4 big kobolds
  13 bullfrogs
  2 gnoll sergeants (D:6)
  Dowan (D:7)
  A wyvern zombie (D:12)
  A wyvern skeleton (D:3)
  3 scorpions
  8 killer bees
  2 electric eels
  5 howler monkeys
  A bullfrog zombie (D:5)
  4 crimson imps
  2 centaur zombies
  7 hounds
  A quasit (D:12)
  10 orc priests
  2 bullfrog skeletons
  2 jellies
  A gnoll shaman (D:6)
  5 iguanas
  20 orc wizards
  Ijyb (D:3)
  7 worker ants
  A hound zombie (D:8)
  A hound skeleton (D:9)
  A worker ant zombie (D:9)
  15 gnolls
  15 adders
  A river rat (D:6)
  3 shadow imps
  An ooze (D:1)
  An adder skeleton (D:7)
  3 worms (D:2)
  2 dart slugs
  A leopard gecko (D:4)
  48 orcs
  A ball python (D:6)
  14 bats
  3 giant cockroaches
  10 goblins
  7 hobgoblins
  10 jackals
  5 quokkas
  8 frilled lizards
  2 jackal skeletons
  17 kobolds
  A leopard gecko zombie (D:7)
  9 rats
  3 fungi
  7 plants
600 creatures vanquished.

Vanquished Creatures (others)
  33 fungi
  18 plants
51 creatures vanquished.

Grand Total: 651 creatures vanquished

Notes
Turn   | Place    | Note
-------+----------+-------------------------------------------
     0 | D:1      | Anon1729 the Naga Gladiator began the quest for the Orb.
     0 | D:1      | Reached XP level 1. HP: 19/19 MP: 1/1
   140 | D:1      | Reached XP level 2. HP: 6/26 MP: 2/2
   474 | D:1      | Reached XP level 3. HP: 19/33 MP: 3/3
  1063 | D:2      | Reached skill level 4 in Axes
  1094 | D:2      | Reached XP level 4. HP: 40/40 MP: 4/4
  1733 | D:2      | Found a white marble altar of Elyvilon.
  1929 | D:3      | Reached XP level 5. HP: 36/49 MP: 5/5
  1944 | D:3      | Noticed Ijyb
  1960 | D:3      | Killed Ijyb
  1986 | D:3      | Noticed Grinder
  2238 | D:3      | Paralysed by Grinder for 2 turns
  2363 | D:3      | Killed Grinder
  2363 | D:3      | Reached skill level 5 in Axes
  2363 | D:3      | Reached XP level 6. HP: 44/57 MP: 6/6
  2885 | D:3      | Reached XP level 7. HP: 39/64 MP: 7/7
  3170 | D:4      | Reached skill level 6 in Axes
  3835 | D:5      | Entered Level 5 of the Dungeon
  4044 | D:5      | Reached XP level 8. HP: 72/73 MP: 8/8
  4215 | D:5      | Reached skill level 7 in Axes
  4504 | D:6      | Reached skill level 5 in Fighting
  4531 | D:6      | Found a glowing drain.
  4576 | D:6      | Got a crude robe
  4600 | D:6      | Identified the +3 robe of Crawling {Int+5} (You found it on
                  | level 6 of the Dungeon)
  4887 | D:6      | Reached skill level 8 in Axes
  4894 | D:6      | Reached skill level 5 in Dodging
  5078 | D:6      | Reached XP level 9. HP: 75/82 MP: 9/9
  5690 | D:7      | Reached skill level 9 in Axes
  5778 | D:7      | Found a staircase to the Ecumenical Temple.
  5781 | D:7      | Noticed Duvessa
  5786 | D:7      | Noticed Dowan
  5787 | Temple   | Entered the Ecumenical Temple
  5798 | Temple   | Became a worshipper of Uskayaw the Reveler
  5906 | D:7      | Reached * piety under Uskayaw
  5908 | D:7      | Reached ** piety under Uskayaw
  5909 | D:7      | Reached *** piety under Uskayaw
  5915 | D:7      | Killed Duvessa
  5917 | D:7      | Reached **** piety under Uskayaw
  5924 | D:7      | Reached ***** piety under Uskayaw
  5927 | D:7      | Killed Dowan
  6109 | D:7      | Found a burning altar of Makhleb.
  6467 | D:8      | Reached skill level 10 in Axes
  6535 | D:8      | Noticed a two-headed ogre
  6556 | D:8      | Killed a two-headed ogre
  6556 | D:8      | Reached skill level 1 in Evocations
  6556 | D:8      | Reached XP level 10. HP: 27/94 MP: 9/11
  7436 | D:8      | Found a staircase to the Lair.
  7483 | D:8      | You fall through a shaft!
  7567 | D:8      | Found an ornate altar of the Wu Jian Council.
  8504 | D:9      | Noticed a centaur warrior
  8514 | D:9      | Killed a centaur warrior
  8514 | D:9      | Reached skill level 11 in Axes
  8514 | D:9      | Reached skill level 5 in Invocations
  8635 | D:9      | Found Leziezuu's Elemental Accessories.
  8653 | D:9      | Reached XP level 11. HP: 75/103 MP: 14/14
  8904 | D:10     | Entered Level 10 of the Dungeon
  8931 | D:10     | Found Eteusk's Assorted Antiques.
  8939 | D:10     | Bought 2 scrolls labeled SUPIECORAS for 50 gold pieces
  8939 | D:10     | Bought a bubbling silvery potion for 22 gold pieces
  8939 | D:10     | Bought a scroll labeled ZEINIL TYMUP for 25 gold pieces
  8939 | D:10     | Bought a pink potion for 22 gold pieces
  8939 | D:10     | Bought a sedimented yellow potion for 22 gold pieces
  8939 | D:10     | Bought a scroll labeled RYZULO XIUVIR for 25 gold pieces
  8939 | D:10     | Bought a bubbling silvery potion for 22 gold pieces
  8939 | D:10     | Bought a scroll labeled ATOATAMUUM for 25 gold pieces
  9377 | D:10     | Found a staircase to the Orcish Mines.
  9502 | D:10     | Found Aptiwk's Antique Weapon Shoppe.
  9702 | D:10     | Found Ihupev's Assorted Antiques.
  9710 | D:10     | Bought a fuming coppery potion for 14 gold pieces
  9710 | D:10     | Bought a scroll labeled LOHUDA FYBBOZ for 16 gold pieces
  9710 | D:10     | Bought a scroll labeled GEZAIMPENEY for 16 gold pieces
  9769 | D:10     | Found Tiucakim's Magic Scroll Boutique.
 10154 | D:10     | Found Pauf's Antique Armour Shop.
 10637 | D:11     | HP: 5/104 [orc warrior/+3 trident (2)]
 11036 | D:11     | HP: 2/104 [gargoyle/+1 morningstar of protection (15)]
 11642 | D:11     | Noticed a green ugly thing
 11655 | D:11     | Killed a green ugly thing
 11841 | D:11     | Reached skill level 12 in Axes
 12067 | D:11     | Noticed a two-headed ogre
 12084 | D:11     | Killed a two-headed ogre
 12322 | D:11     | Noticed Harold
 12340 | D:11     | Killed Harold
 12340 | D:11     | Reached skill level 5 in Evocations
 12340 | D:11     | Reached XP level 12. HP: 70/112 MP: 17/17
 13268 | Orc:1    | Entered Level 1 of the Orcish Mines
 13862 | Orc:2    | Entered Level 2 of the Orcish Mines
 14085 | Orc:2    | Noticed a two-headed ogre
 14085 | Orc:2    | Noticed a two-headed ogre
 14085 | Orc:2    | Noticed a two-headed ogre
 14085 | Orc:2    | Noticed a two-headed ogre
 14099 | Orc:1    | Killed a two-headed ogre
 14144 | Orc:2    | Noticed an ogre mage
 14153 | Orc:1    | Killed a two-headed ogre
 14443 | Orc:2    | Killed an ogre mage
 14464 | Orc:2    | Noticed a two-headed ogre
 14474 | Orc:2    | Killed a two-headed ogre
 14475 | Orc:2    | Noticed a two-headed ogre
 14694 | Orc:1    | Killed a two-headed ogre
 14700 | Orc:2    | Noticed a two-headed ogre
 14704 | Orc:2    | Noticed an ogre mage
 14709 | Orc:2    | Killed a two-headed ogre
 14709 | Orc:2    | Reached skill level 13 in Axes
 14710 | Orc:2    | Noticed a two-headed ogre
 14842 | Orc:2    | Killed an ogre mage
 14842 | Orc:2    | Noticed an ogre mage
 14844 | Orc:2    | Gained mutation: You can use your snake-like lower body to
                  | constrict enemies. [Naga growth]
 14844 | Orc:2    | Reached XP level 13. HP: 115/121 MP: 20/20
 14853 | Orc:2    | Reached skill level 10 in Invocations
 15945 | Orc:2    | Reached skill level 10 in Fighting
 16036 | Orc:2    | Found a staircase to the Elven Halls.
 16041 | Orc:2    | Found Qackitev's Book Shoppe.
 16042 | Orc:2    | Found Muzoq's Antique Weapon Shop.
 16042 | Orc:2    | Found Qixaolap's Distillery.
 16042 | Orc:2    | Found Feexy's Antique Armour Shop.
 16050 | Orc:2    | Bought a potion of berserk rage for 70 gold pieces
 16050 | Orc:2    | Bought a potion of degeneration for 14 gold pieces
 16050 | Orc:2    | Bought a potion of curing for 42 gold pieces
 16056 | Orc:2    | Found Fauleho's Jewellery Boutique.
 16561 | Orc:2    | Found a roughly hewn altar of Beogh.
 16959 | D:10     | Bought a runed broad axe for 231 gold pieces
 17100 | Lair:1   | Entered Level 1 of the Lair of Beasts
 17952 | Lair:2   | Got a jewelled dagger
 18488 | Lair:2   | Reached skill level 14 in Axes
 18891 | Lair:2   | Found a staircase to the Swamp.
 19090 | Lair:3   | Reached XP level 14. HP: 62/133 MP: 18/22
 20145 | Lair:3   | Identified the cursed +0 dagger "Merph" {venom, +Blink rF+}
                  | (You found it on level 2 of the Lair of Beasts)
 20217 | Lair:4   | Reached skill level 1 in Armour
 20767 | Lair:4   | Found a hole to the Spider Nest.
 21717 | Lair:5   | Noticed a ghost moth
 21717 | Lair:5   | a seven-headed hydra changed into a ghost moth
 21724 | Lair:5   | Killed a ghost moth
 21727 | Lair:5   | Reached ****** piety under Uskayaw
 22752 | Lair:6   | Entered Level 6 of the Lair of Beasts
 22877 | Lair:6   | Noticed a storm dragon
 22877 | Lair:6   | a nine-headed hydra changed into a storm dragon
 23067 | Lair:6   | Reached XP level 15. HP: 140/140 MP: 20/24
 23252 | Lair:6   | Got a steaming zirconium amulet
 23253 | Lair:6   | Identified the amulet "Lygg" {+Rage rC++ Dex+2} (You found
                  | it on level 6 of the Lair of Beasts)
 23378 | Lair:6   | Found a staircase to the Slime Pits.
 23556 | Lair:6   | Killed a storm dragon
 23979 | Lair:6   | Reached skill level 15 in Axes
 25245 | D:12     | Noticed a fire giant
 25245 | D:12     | Noticed a storm dragon
 25253 | D:12     | Killed a storm dragon
 25253 | D:12     | Killed a fire giant
 25775 | D:12     | Found a large runed translucent door.
 25776 | D:12     | Found a large runed translucent door.
 25778 | D:12     | Noticed Calas's ghost (journeyman MiFi)
 26491 | D:13     | Found a gate to the Vaults.
 26516 | D:13     | Slain by a manticore

Levels and vault maps discovered:
D:1:      eino_arrival_druids_welcome, layout_loops_ring, minmay_pentomino_t2
D:2:      layout_basic, overflow_temple_1_default
D:3:      layout_loops_ring, first_ration, uniq_grinder, uniq_ijyb
D:4:      layout_loops_ring
D:5:      layout_basic
D:6:      layout_cave_pools, serial_gnoll_camp, gnoll_camp_mini_house,
          gnoll_camp_mini_sergeant, gnoll_camp_mini_hut, gnoll_camp_mini_hut,
          gnoll_camp_mini_hut, portal_sewer_entry_b, kennysheep_generic_room_9
D:7:      layout_rooms, minmay_temple_entry_junction, lemuel_statue_altar,
          uniq_duvessa
D:8:      layout_layer_cave, due_lair_maze_entry_diamond, basic_altar,
          blue_anna_alchemist [blue_anna_fruit_fields, blue_anna_fruit_fields]
D:9:      layout_rooms, nicolae_elemental_shop
D:10:     layout_stronghold, david_orc_4, serial_shops,
          nicolae_shop_behind_doors, kennysheep_mini_moat,
          nicolae_shop_behind_doors, nicolae_shop_overgrown_old_shop, shop
D:11:     layout_grid_maze, uniq_harold
D:12:     hangedman_cross_veins, layout_layer_cave, ebering_ghost_disaster_area
D:13:     minmay_inner_zag, layout_long_grid, lightli_vaults_fourway_checkpoint,
          serial_shops, shop
Temple:   compressed_dpeg_triangle_lava_temple
Lair:1:   layout_chaotic_city, st_stairs_12
Lair:2:   layout_gridlike, nicolae_swamp_entry_splash_gauntlet,
          grunt_megastairs_5, lemuel_fruit_fields
Lair:3:   layout_hall_layers
Lair:4:   layout_cave_pods, spider_nest_entry_funnel_web,
          minmay_lair_oklob_chamber
Lair:5:   layout_small_grid, st_stairs_10, serial_bayou_shore_b
Lair:6:   due_jungle_book, layout_long_grid, slime_dummy, minmay_lair_drake_nest
Orc:1:    layout_diamond_mine
Orc:2:    st_orc_ogre_mass, layout_caves, serial_shops, nicolae_shop_trees,
          bh_open_orc_temple

Skill      XL: |  1  2  3  4  5  6  7  8  9 10 11 12 13 14 15 |
---------------+----------------------------------------------+-----
Axes           | 4 5 6 8 10 11 12 13 14 15 | 15.5
Dodging        | 3 4 5 6 7 8 9 |  9.9
Fighting       | 3 4 5 7 8 9 10 11 | 11.3
Invocations    | 2 5 7 9 11 12 13 | 13.6
Evocations     | 1 3 5 6 7 8 9 |  9.2
Armour         | 3 4 |  4.2
Throwing       | |  1.7

Action                   |  1- 3 |  4- 6 |  7- 9 | 10-12 | 13-15 || total
-------------------------+-------+-------+-------+-------+-------++-------
Melee: War axe           |   130 |   110 |   299 |   522 |   111 ||  1172
       Broad axe         |       |       |       |       |   510 ||   510
       Constrict         |       |       |       |       |   126 ||   126
       Spear             |       |       |       |       |    58 ||    58
Throw: Throwing net      |       |     3 |       |       |       ||     3
Invok: Stomp             |       |       |       |     3 |     3 ||     6
       Grand Finale      |       |       |       |       |     3 ||     3
 Abil: Spit Poison       |       |       |     3 |     4 |       ||     7
       Evoke Berserk Rag |       |       |       |       |     5 ||     5
Evoke: Wand              |       |       |     6 |     9 |    12 ||    27
  Use: Scroll            |       |       |       |    10 |    14 ||    24
       Potion            |       |       |       |     1 |       ||     1
 Stab: Sleeping          |     1 |     2 |       |     2 |     2 ||     7
       Held in net/web   |       |     1 |       |       |       ||     1
       Paralysed         |       |       |     4 |    86 |   105 ||   195
  Eat: Chunk             |       |     5 |    12 |    22 |    27 ||    66
       Ration            |       |       |     1 |     1 |     5 ||     7
Armor: Leather armour    |    45 |    22 |       |       |       ||    67
       Scale mail        |       |    32 |    72 |       |       ||   104
       Robe              |       |       |    82 |   159 |   279 ||   520
Dodge: Dodged            |   102 |    75 |   221 |   363 |   611 ||  1372

Table legend:
 A = Non-vault XP
 B = Vault XP
 C = Vault XP percentage of total XP
 D = Non-vault monster count
 E = Vault monster count
 F = Vault count percentage of total count
                 A         B        C        D         E       F
            +---------+---------+-------+---------+---------+-------
      Total |   68389 |   48838 |  41.7 |     445 |     145 |  24.6
            +---------+---------+-------+---------+---------+-------
        D:1 |      47 |       2 |   4.1 |      27 |       2 |   6.9
        D:2 |     103 |       0 |   0.0 |      26 |       0 |   0.0
        D:3 |     200 |     317 |  61.3 |      18 |       2 |  10.0
        D:4 |     210 |       0 |   0.0 |       8 |       0 |   0.0
        D:5 |     554 |       0 |   0.0 |      18 |       0 |   0.0
        D:6 |     799 |     403 |  33.5 |      12 |      17 |  58.6
        D:7 |    1014 |     227 |  18.3 |      21 |       2 |   8.7
        D:8 |    1839 |     983 |  34.8 |      12 |       9 |  42.9
        D:9 |    3144 |       0 |   0.0 |      35 |       0 |   0.0
       D:10 |    1669 |     724 |  30.3 |      14 |      15 |  51.7
       D:11 |    8047 |     955 |  10.6 |      62 |       1 |   1.6
       D:12 |    6491 |   11004 |  62.9 |      29 |      20 |  40.8
       D:13 |     774 |    3344 |  81.2 |       4 |       5 |  55.6
     Temple |     251 |       0 |   0.0 |       4 |       0 |   0.0
     Lair:1 |    1624 |       0 |   0.0 |       5 |       0 |   0.0
     Lair:2 |    3230 |    2057 |  38.9 |      14 |      13 |  48.1
     Lair:3 |    3383 |       0 |   0.0 |      10 |       0 |   0.0
     Lair:4 |    1792 |    2140 |  54.4 |       9 |       6 |  40.0
     Lair:5 |    6085 |     699 |  10.3 |      16 |       2 |  11.1
     Lair:6 |   23695 |    4990 |  17.4 |      61 |      11 |  15.3
      Orc:1 |    1880 |    4046 |  68.3 |      24 |       8 |  25.0
      Orc:2 |    1558 |   16947 |  91.6 |      16 |      32 |  66.7
            +---------+---------+-------+---------+---------+-------
